cohdb
Replays
Latest Replays
All Replays
Popular Replays
Top Player Replays
Match Explorer
How It Works
Community
CoH3 Stats
Reddit
Sign in to upload your games and track your stats! →
Sign in with Steam
Match 41865222
Unlisted
Match 41865222
Overview
Messages
Build Orders
End
Construct Barracks
Selects Special Operations Battlegroup
Riflemen Squad
Riflemen Squad
1⁄4-ton 4x4 Truck
Construct Medical Station
Selects Raiding Flares
Mechanized Support Center
Construct Weapon Support Center
M3 Armored Personnel Carrier
M1 Mortar Team
M1918 Browning Automatic Rifles
Designate Forward Repair Station
Construct Motor Pool
Riflemen Squad
Grenade Package
Selects SSF Commando Squad
M8 Greyhound Armored Car
Improvised Armor
Selects Assault Operation
SSF Commando Squad
Selects M29 Weasel with M1 Pack Howitzer
Construct Tank Depot
Selects P-47 Anti-Infantry Loiter
M4A1 Sherman Medium Tank
M4A1 76mm Conversion
M4A1(76) Sherman Medium Tank
Designate Forward Repair Station
JaxMesa
Brother
0
0
Comments
sign in to comment!
No comments posted yet!